 Dungeon Crawl Stone Soup version 0.23-a0-49-gd9f7a49 (webtiles) character file.

25 Amnesiac the Gusty (level 2, -9/19 HPs)
             Began as a Mummy Air Elementalist on Aug 7, 2018.
             Mangled by an ogre
             ... wielding a +0 giant spiked club
              (28 damage)
             ... on level 4 of the Dungeon.
             The game lasted 00:02:18 (1065 turns).

Amnesiac the Gusty (Mummy Air Elementalist)         Turns: 1065, Time: 00:02:19

Health: -9/19      AC:  5    Str: 11    XL:     2   Next: 82%
Magic:  6/6        EV: 10    Int: 14    God:
Gold:   86         SH:  0    Dex: 12    Spells: 6/7 levels left

rFire    x . .     SeeInvis .   e - -2 war axe (curse)
rCold    + . .     Gourm    .   (no shield)
rNeg     + + +     Faith    .   c - +0 ring mail
rPois    ∞         Spirit   .   (no helmet)
rElec    .         Reflect  .   (no cloak)
rCorr    .         Harm     .   (no gloves)
MR       .....                  (no boots)
Stlth    +.........             (no amulet)
HPRegen  0.06/turn              (no ring)
MPRegen  0.10/turn              (no ring)

@: no status effects
A: no food or potions, fire vulnerability, cold resistance 1, negative energy
resistance 3, torment resistance, unbreathing
a: no special abilities


You were on level 4 of the Dungeon.
You were not hungry.

You visited 1 branch of the dungeon, and saw 4 of its levels.

You collected 86 gold pieces.

Inventory:

Hand Weapons
 a - a +0 spear
 e - a cursed -2 war axe (weapon)
 g - a +0 quarterstaff of crushing
Armour
 c - a +0 ring mail (worn)
 d - a +0 robe
Scrolls
 h - a scroll of teleportation {!r}


   Skills:
 - Level 1.5 Dodging
 - Level 1.5 Stealth
 + Level 3.1 Spellcasting
 - Level 0.7 Conjurations
 * Level 3.2 Air Magic


You had 6 spell levels left.
You knew the following spells:

 Your Spells              Type           Power        Failure   Level  Hunger
w - Shock                 Conj/Air       #...         22%         1    N/A

Your spell library contained the following spells:

 Spells                   Type           Power        Failure   Level  Hunger
 Lightning Bolt           Conj/Air       #.........   99%         5    N/A
 Swiftness                Chrm/Air       #.......     38%         2    N/A
 Airstrike                Air            ##........   80%         4    N/A
 Static Discharge         Conj/Air       #.......     56%         3    N/A

Dungeon Overview and Level Annotations

Branches:
Dungeon (4/15)             Temple (0/1) D:4

Altars:


Innate Abilities, Weirdness & Mutations

You do not eat or drink.
Your flesh is vulnerable to fire.
You are immune to poison.
Your flesh is cold resistant. (rC+)
You are immune to negative energy. (rN+++)
You are immune to unholy pain and torment.
You can survive without breathing.


Message History

A giant cockroach is nearby!
The giant cockroach bites you.
You hit the giant cockroach but do no damage.
The giant cockroach bites you. The giant cockroach barely misses you.
You closely miss the giant cockroach.
The giant cockroach bites you but does no damage.
The giant cockroach bites you.
You hit the giant cockroach.
The giant cockroach is severely wounded.
The giant cockroach bites you but does no damage. x2
You barely miss the giant cockroach.
The giant cockroach is severely wounded.
The giant cockroach bites you but does no damage.
You hit the giant cockroach.
You kill the giant cockroach!
You start resting.
HP restored.
You see here a chain mail.
Found an escape hatch in the floor.
There is an escape hatch in the floor here.
A kobold comes into view. It is wielding a dagger.
The kobold shouts!
Found a scroll labeled OCHOZ RONYVAAH.
Found a stone staircase leading up.
A kobold is nearby!
You hit the kobold.
You kill the kobold!
Things that are here:
a dagger; a kobold corpse
b - a scroll labeled OCHOZ RONYVAAH {!r} Really read
b - a scroll labeled OCHOZ RONYVAAH {!r}?
As you read the scroll labeled OCHOZ RONYVAAH {!r}, it crumbles to dust.
It is a scroll of amnesia.
Okay, then.
You can't unwield your weapon to draw a new one!
There's nothing to open nearby.
You aren't carrying any pieces of jewellery.
Unknown command.
Casting: Shock (safe; 22% risk of failure)
Confirm with . or Enter, or press ? or * to list all spells.
Okay, then.
Okay, then.
Things that are here:
a dagger; a kobold corpse
There is an escape hatch in the floor here.
You slide downwards.
The hatch slams shut behind you.
A worm and an ogre come into view.
Found a hunting sling, a trident and a club.
Found a staircase to the Ecumenical Temple.
Unknown command.
Found a dagger.
You see here a hunting sling.
Found a stone staircase leading down.
A jackal comes into view.
The jackal barks!
A jackal comes into view.
Found a ration and 24 stones.
Found a short bone wand.
The jackal barks!
A howler monkey comes into view.
Found 9 gold pieces.
There is a staircase to the Ecumenical Temple here.
The ogre hits you with a giant spiked club!!
Ouch! That really hurt!
You die...

.>................
##................
#................. .
##.##.##.##........
..#.....)...#........
..%.........)........
#..⌠...⌠..#.....)..
#.#.........#....)...
#......@O...........w
###.........#........
#..⌠...h..#########
#..........h...
#.#.........#... #
##.##.##h##... .. .($
.# .. ... ./. .#


You could see an ogre, a howler monkey and 2 jackals.

Vanquished Creatures
  A dart slug (D:2)
  A leopard gecko (D:3)
  4 orcs (D:3)
  2 giant cockroaches (D:3)
  3 hobgoblins
  A bat (D:1)
  2 kobolds (D:3)
  4 rats
18 creatures vanquished.

Notes
Turn   | Place    | Note
-------+----------+-------------------------------------------
     0 | D:1      | Amnesiac the Mummy Air Elementalist began the quest for the Orb.
     0 | D:1      | Reached XP level 1. HP: 13/13 MP: 4/4
   404 | D:3      | Reached XP level 2. HP: 17/19 MP: 5/5
  1058 | D:4      | Found a staircase to the Ecumenical Temple.
  1058 | D:4      | Noticed an ogre
  1064 | D:4      | Noticed a howler monkey
  1065 | D:4      | Mangled by an ogre

Vault maps used:
D:1:      dpeg_chamrin_arrival_tetris
D:2:      nicolae_ru_sacrificial_ziggurat
D:3:      overflow_temple_1_default
D:4:      grunt_temple_overflow_open, minmay_temple_entry_large_hall,
          first_ration, grunt_decor_cap

Skill      XL: |  1  2 |
---------------+-------+-----
Air Magic      | 3 |  3.2
Spellcasting   | 3 |  3.1
Dodging        | |  1.5
Stealth        | |  1.5
Conjurations   | |  0.7

Action                   || total
-------------------------++-------
Melee: Spear             ||    35
       Unarmed           ||     9
       Club              ||     6
       War axe           ||    24
  Use: Scroll            ||     3
Armor: Ring mail         ||    28
       Robe              ||     1
Dodge: Dodged            ||    36

Table legend:
 A = Spawn XP
 B = Non-spawn XP
 C = Spawn XP percentage of total XP
 D = Spawn monster count
 E = Non-spawn monster count
 F = Spawn count percentage of total count
 G = Total turns spent on level
                    A         B        C        D         E        F      G
               +---------+---------+-------+---------+---------+-------+---------
         Total |       0 |      36 |   0.0 |       0 |      18 |   0.0 |  1065
               +---------+---------+-------+---------+---------+-------+---------
           D:1 |       0 |       4 |   0.0 |       0 |       3 |   0.0 |   264
           D:2 |       0 |       5 |   0.0 |       0 |       2 |   0.0 |   134
           D:3 |       0 |      27 |   0.0 |       0 |      13 |   0.0 |   660
               +---------+---------+-------+---------+---------+-------+---------
